 Dungeon Crawl Stone Soup version 0.31-a0-620-gd1cbd99268 (webtiles) character file.

Game seed: 5975620827104957636

25 Maratek the Trooper (level 2, 0/27 HPs)
             Began as a Draconian Fighter on Aug 23, 2023.
             Frozen to death by an endoplasm (3 damage)
             ... on level 1 of the Dungeon.
             The game lasted 00:00:36 (311 turns).

Maratek the Trooper (Draconian Fighter)              Turns: 311, Time: 00:00:36

Health: 0/27       AC:  4    Str: 18    XL:     2   Next: 86%
Magic:  2/2        EV: 12    Int:  8    God:
Gold:   20         SH:  4    Dex: 10    Spells: 1/1 levels left

rFire   . . .        a - +0 long sword
rCold   . . .        b - +0 buckler
rNeg    . . .        (body armour unavailable)
rPois   .            (helmet restricted)
rElec   .            (no cloak)
rCorr   .            (no gloves)
SInv    .            (no boots)
Will    .....        (no amulet)
Stlth   +            (no ring)
HPRegen 0.24/turn    (no ring)
MPRegen 0.08/turn

%: no passive effects
@: no status effects
A: AC +4, unfitting armour, cold-blooded
a: no special abilities


You were on level 1 of the Dungeon.
You visited 1 branch of the dungeon, and saw 1 of its levels.

You collected 20 gold pieces.

Inventory:

Hand Weapons
 a - a +0 long sword (weapon)
Armour
 b - a +0 buckler (worn)
Scrolls
 d - a scroll of identify {unknown}
 e - a scroll of revelation {unknown}
 g - a scroll of enchant armour {unknown}
Potions
 c - a potion of might
 f - a potion of curing {unknown}


   Skills:
 + Level 3.7 Fighting
 + Level 2.2 Long Blades
 + Level 3.0 Dodging
 + Level 3.3 Shields


You had one spell level left.
You didn't know any spells.
Your spell library was empty.

Dungeon Overview and Level Annotations

Branches:
Dungeon (1/15)

Altars:


Innate Abilities, Weirdness & Mutations

Your plain brown scales are hard. (AC +4)
You cannot fit into any form of body armour.
You are cold-blooded and may be slowed by cold attacks.


Message History

The hobgoblin hits you. The endoplasm freezes you.
You are frozen.
The frilled lizard barely misses you.
You barely miss the hobgoblin.
The hobgoblin is severely wounded.
The hobgoblin closely misses you.
The endoplasm hits you but does no damage.
You block the frilled lizard's attack. The frilled lizard barely misses you.
The endoplasm barely misses you. The hobgoblin barely misses you.
You hit the hobgoblin.
You kill the hobgoblin!
You block the frilled lizard's attack. The endoplasm freezes you.
You are frozen.
You feel yourself slow down.
You hit the endoplasm but do no damage. The frilled lizard closely misses you.
The endoplasm misses you. The frilled lizard bites you.
The endoplasm jiggles.
The endoplasm freezes you.
You are frozen.
* * * LOW HITPOINT WARNING * * *
You are too injured to fight recklessly!
You are too injured to fight recklessly!
You are too injured to fight recklessly!
You are too injured to fight recklessly!
You are too injured to fight recklessly!
You closely miss the frilled lizard.
Your tail-slap misses the frilled lizard.
You feel yourself speed up. The frilled lizard closely misses you.
You block the endoplasm's attack. The frilled lizard closely misses you.
The endoplasm freezes you.
You are frozen.
* * * LOW HITPOINT WARNING * * *
You miss the frilled lizard. The frilled lizard barely misses you.
The endoplasm barely misses you.
You miss the frilled lizard.
The frilled lizard bites you but does no damage.
The endoplasm freezes you.
You are frozen.
You die...

~~~~~~~#...#
...~~~~#...#
.....~~#...# ##
......~#...# ..
......~#...## .#
#.8..###....### .#
.....#o#..#...# .####..
'#######..###.###†......
.....##...#...>.@l......
.....##..########J$.....
...###... .[.....
''##...## .......
......# ....... ######
....... ....##. ....#


You could see an endoplasm and a frilled lizard.

Vanquished Creatures
  3 dart slugs (D:1)
  4 ball pythons (D:1)
  A bat (D:1)
  3 endoplasms (D:1)
  3 goblins (D:1)
  3 hobgoblins (D:1)
  A rat (D:1)
18 creatures vanquished.

Notes
Turn   | Place    | Note
-------+----------+-------------------------------------------
     0 | D:1      | Maratek the Draconian Fighter began the quest for the Orb.
     0 | D:1      | Reached XP level 1. HP: 19/19 MP: 1/1
   123 | D:1      | Reached XP level 2. HP: 14/26 MP: 2/2
   311 | D:1      | Frozen to death by an endoplasm

Illustrated notes

Levels and vault maps discovered:
D:1:      lordsloth_arrival_two_stooges, layout_basic

Skill      XL: |  1  2 |
---------------+-------+-----
Dodging        | 3 |  3.0
Fighting       | |  3.7
Long Blades    | |  2.2
Shields        | |  3.3

Action                     || total
---------------------------++-------
  Melee: Long sword        ||    49
         Tailslap          ||     8
 Armour: Skin              ||    26
  Dodge: Dodged            ||    56
  Block: Buckler           ||    18

Table legend: (Time is in decaauts)
 A = Elapsed time spent in this place.
 B = Non-inter-level travel time spent in this place.
 C = Inter-level travel time spent in this place.
 D = Time resting spent in this place.
 E = Time spent auto-exploring this place.
 F = Levels seen in this place.
 G = Mean time per level.
                   A        B        C        D        E       F      G
               +--------+--------+--------+--------+--------+-----+--------+
         Total |    328 |    328 |      0 |      0 |    198 |   1 |  328.0 |
       Dungeon |    328 |    328 |      0 |      0 |    198 |   1 |  328.0 |
               +--------+--------+--------+--------+--------+-----+--------+

Top non-repeatable levels by time:
     D:1: 328 daAuts
